 Dungeon Crawl Stone Soup version 0.24-a0-525-g9231cdcba1 (webtiles) character file.

Game seed: 4648697191943272945

24077 Gargoyl the Agent of Entropy (level 12, -2/121 HPs)
             Began as a Centaur Abyssal Knight on Aug 4, 2019.
             Was a Priest of Lugonu.
             Slain by an orc knight
             ... wielding a +0 battleaxe
              (20 damage)
             ... on level 12 of the Dungeon.
             The game lasted 00:40:25 (29362 turns).

Gargoyl the Agent of Entropy (CeAK)                Turns: 29362, Time: 00:40:26

Health: -2/121     AC: 30    Str: 17    XL:     12   Next: 77%
Magic:  19/19      EV:  3    Int: 11    God:    Lugonu [***...]
Gold:   729        SH:  0    Dex: 12    Spells: 11/11 levels left

rFire    . . .     SeeInvis .   a - +3 hand axe
rCold    . . .     Gourm    .   (no shield)
rNeg     . . .     Faith    .   v - +2 plate armour
rPois    .         Spirit   .   n - +2 helmet
rElec    .         Reflect  .   l - +0 cloak
rCorr    .         Harm     .   D - +0 pair of gloves
MR       .....     Rnd*Rage +   A - +0 centaur barding
Stlth    ..........             k - amulet of the acrobat
HPRegen  0.30/turn              h - +3 ring of protection
MPRegen  0.16/turn              o - +1 ring of protection

@: slowed, drained
A: large, hooves 3, berserk 1, deformed body, speed 2, robust 2, shaggy fur 1,
tough skin 3, subdued magic 1
a: Depart the Abyss, Bend Space, Banish, Renounce Religion


You were on level 12 of the Dungeon.
You worshipped Lugonu.
Lugonu was most pleased with you.
You were not hungry.

You visited 2 branches of the dungeon, and saw 17 of its levels.
You visited the Abyss 1 time.

You collected 859 gold pieces.
You spent 130 gold pieces at shops.

Inventory:

Hand Weapons
 a - a +3 hand axe (weapon)
Missiles
 x - 10 boomerangs (quivered)
Armour
 l - a +0 cloak (worn)
 n - a +2 helmet (worn)
 v - a +2 plate armour (worn)
 A - a +0 centaur barding (worn)
 D - a +0 pair of gloves (worn)
Jewellery
 h - a +3 ring of protection (left hand)
 k - an amulet of the acrobat (around neck)
 o - a +1 ring of protection (right hand)
Wands
 p - a wand of flame (26)
 w - a wand of paralysis (16)
 y - a wand of iceblast (7)
 z - a wand of clouds (2)
 E - a wand of polymorph (9)
Scrolls
 d - 9 scrolls of teleportation
 g - a scroll of fear
 j - 9 scrolls of identify
 m - 8 scrolls of remove curse
 t - a scroll of magic mapping
Potions
 b - a potion of cancellation
 e - a potion of heal wounds
 f - a potion of agility
 i - a potion of magic
 q - 3 potions of brilliance
 r - a potion of haste
 s - 3 potions of flight
 u - 2 potions of resistance
 B - 3 potions of curing
 C - a potion of mutation
Comestibles
 c - 17 rations


   Skills:
 + Level 8.0(6.9) Fighting
 + Level 9.6(8.5) Axes
 + Level 0.5(0.0) Throwing
 * Level 9.6(8.5) Armour
 * Level 7.1(6.0) Dodging
 * Level 10.0(8.9) Invocations
 + Level 0.9(0.0) Evocations


You had 11 spell levels left.
You didn't know any spells.
Your spell library contained the following spells:

 Spells                   Type           Power        Failure   Level  Hunger
 Animate Skeleton         Necr           N/A          100%        1    ##.....
 Magic Dart               Conj           #...         100%        1    ##.....
 Pain                     Necr           #...         100%        1    ##.....
 Blink                    Tloc           N/A          100%        2    ###....
 Call Imp                 Summ           #.......     100%        2    ###....
 Poisonous Vapours        Pois/Air       #.....       100%        2    ###....
 Shroud of Golubria       Chrm/Tloc      #.....       100%        2    ###....
 Slow                     Hex            #.......     100%        2    ###....
 Conjure Flame            Conj/Fire      #.......     100%        3    ####...
 Gell's Gravitas          Tloc           #.........   100%        3    ####...
 Lesser Beckoning         Tloc           #.........   100%        3    ####...
 Mephitic Cloud           Conj/Pois/Air  #.......     100%        3    ####...
 Regeneration             Chrm/Necr      #.........   100%        3    ####...
 Teleport Other           Tloc           #.......     100%        3    ####...
 Vampiric Draining        Necr           #.........   100%        3    ####...
 Animate Dead             Necr           N/A          100%        4    #####..
 Passage of Golubria      Tloc           N/A          100%        4    #####..
 Bolt of Magma            Conj/Fire/Erth #.........   100%        5    ######.
 Iskenderun's Battlesphe  Conj/Chrm      #.......     100%        5    ######.
 Venom Bolt               Conj/Pois      #.........   100%        5    ######.
 Freezing Cloud           Conj/Ice/Air   #.........   100%        6    #######
 Iron Shot                Conj/Erth      #.........   100%        6    #######
 Orb of Destruction       Conj           #.........   100%        7    #######
 Ring of Flames           Chrm/Fire      #.........   100%        7    #######
 Spellforged Servitor     Conj/Summ      #.........   100%        7    #######


Dungeon Overview and Level Annotations

Branches:
Dungeon (14/15)            Temple (0/1) D:6            Lair (3/6) D:10
    Orc (0/2) D:9
  Swamp: Lair:2-4    Shoals: Lair:2-4     Snake: Lair:2-4    Spider: Lair:2-4
 Vaults: D:13-14

Altars:
Dithmenos
Fedhas
Gozag
Hepliaklqana
Okawaru
Trog
Wu Jian
Zin
The Shining One

Shops:
D:4 *   D:10 (

Annotations:
D:6 Jessica
D:12 exclusions: ice statue and obsidian statue


Innate Abilities, Weirdness & Mutations

You have hooves in place of feet.
Armour fits poorly on your strangely shaped body.
You cover ground very quickly.
You have extremely tough skin. (AC +3)
You tend to lose your temper in combat.
You are very robust. (+20% HP)
You are covered in fur. (AC +1)
Your spells are a little easier to cast, but a little less powerful.


Message History

* * * LOW HITPOINT WARNING * * *
You hit the orc knight but do no damage.
Your kick misses the orc knight.
The orc knight is almost dead.
The orc knight hits you with a +0 battleaxe!
* * * LOW HITPOINT WARNING * * *
You slash the orc knight!
The orc knight is almost dead.
The orc knight hits you with a +0 battleaxe.
* * * LOW HITPOINT WARNING * * *
You hit the orc knight but do no damage.
The orc knight is almost dead.
The orc knight hits you but does no damage.
You closely miss the orc knight. Your kick misses the orc knight.
The orc knight is almost dead.
The orc knight hits you but does no damage.
You hit the orc knight but do no damage.
The orc knight is almost dead.
The orc knight hits you with a +0 battleaxe!!
You die...

##.........####.........
#......................
#..#####................
#..# #...####..........
##..# #...# #..........
÷...# #...# #..........
.÷..# #...####..........
##..# #......[.........)
#..# #..#####@.........
#..# #..# #>o........
.#..# #..# #(.........
.#..# #..# #..########
.#..# #..# #..# .#
....#####..#####..# #.#
..................# #.#
.#................# #.#
...........#####..# #.#


You could see an orc knight.

Vanquished Creatures
  A vault guard (D:12)
  2 centaur warriors
  2 two-headed ogres
  A spiny frog (Lair:2)
  A gargoyle (D:12)
  2 kobold demonologists (D:13)
  A komodo dragon (Lair:1)
  4 trolls
  A polar bear (D:9)
  Prince Ribbit (D:5)
  A merfolk (D:10)
  5 dream sheep
  8 hippogriffs
  Sigmund (D:3)
  5 redbacks (D:13)
  A tarantella (D:13)
  A shadow (D:11)
  A wyvern (Lair:2)
  A wraith (D:14)
  12 yaks
  2 basilisks
  4 vampire mosquitoes (D:12)
  2 steam dragons
  A hungry ghost (D:7)
  4 porcupines
  7 water moccasins
  6 sky beasts
  An ice beast (D:11)
  6 orc warriors
  A phantom (D:5)
  An eye of draining (D:13)
  A necrophage (D:10)
  3 ogres
  6 centaurs
  2 big kobolds (D:10)
  4 crocodiles
  14 bullfrogs
  2 gnoll sergeants
  A wyvern zombie (D:12)
  4 scorpions
  10 killer bees
  5 electric eels
  A howler monkey (D:6)
  4 crimson imps
  3 jellies
  A centaur zombie (D:8)
  A quasit (D:11)
  6 orc priests
  7 hounds
  Crazy Yiuf (D:5)
  2 bullfrog skeletons
  15 orc wizards
  3 centaur skeletons
  4 iguanas
  9 worker ants
  A hound skeleton (D:5)
  2 worker ant zombies
  Robin (D:2)
  16 gnolls
  13 adders
  3 shadow imps
  An adder zombie (D:6)
  An ooze (D:3)
  A worm (D:6)
  2 dart slugs
  3 leopard geckos
  53 orcs
  4 ball pythons
  6 bats
  5 giant cockroaches
  15 goblins
  7 hobgoblins
  7 jackals
  4 quokkas
  A frilled lizard (D:2)
  A jackal zombie (D:7)
  15 kobolds
  A quokka skeleton (D:8)
  7 rats
  A fungus (D:10)
367 creatures vanquished.

Vanquished Creatures (collateral kills)
  A polar bear (D:9)
  A gnoll sergeant (D:9)
  A gnoll (D:9)
3 creatures vanquished.

Vanquished Creatures (others)
  An unseen horror (D:10)
  A deep elf archer (D:13)
  An orc sorcerer (D:12)
  3 ugly things
  A black mamba (Lair:1)
  A spiny frog (Lair:2)
  A tengu conjurer (D:12)
  A kobold demonologist (D:14)
  A polar bear (Lair:2)
  A vampire (D:11)
  2 wraiths
  A yak (D:9)
  A basilisk (D:14)
  An orc warrior (D:9)
  A killer bee (D:8)
  A crimson imp (D:6)
  2 gnolls (D:9)
  5 fungi
  6 plants
32 creatures vanquished.

Grand Total: 402 creatures vanquished

Notes
Turn   | Place    | Note
-------+----------+-------------------------------------------
     0 | Abyss:1  | Gargoyl the Centaur Abyssal Knight began the quest for the
                  | Orb.
     0 | Abyss:1  | Reached XP level 1. HP: 19/19 MP: 2/2
   110 | Abyss:2  | Noticed an efreet
   122 | Abyss:2  | Noticed a raiju
   124 | D:1      | Escaped the Abyss
   269 | D:1      | Reached XP level 2. HP: 20/26 MP: 3/3
   372 | D:1      | Reached * piety under Lugonu
   372 | D:1      | Reached skill level 1 in Dodging
   440 | D:1      | Reached XP level 3. HP: 27/31 MP: 4/4
   773 | D:2      | Noticed Robin
   778 | D:2      | Killed Robin
  1010 | D:2      | You fall into a shaft and drop 1 floor!
  1022 | D:3      | Reached XP level 4. HP: 30/38 MP: 5/5
  1164 | D:2      | Reached ** piety under Lugonu
  1553 | D:2      | Found an iron altar of Okawaru.
  2191 | D:3      | Noticed Sigmund
  2220 | D:3      | Killed Sigmund
  2220 | D:3      | Reached skill level 3 in Invocations
  2220 | D:3      | Reached XP level 5. HP: 29/46 MP: 7/7
  2220 | D:3      | Reached XP level 6. HP: 33/52 MP: 8/8
  2348 | D:3      | Found a blossoming altar of Fedhas.
  2879 | D:4      | You fall into a shaft and drop 1 floor!
  2879 | D:5      | Entered Level 5 of the Dungeon
  2912 | D:5      | Noticed Prince Ribbit
  2955 | D:5      | Killed Prince Ribbit
  2955 | D:5      | Reached XP level 7. HP: 34/59 MP: 9/9
  3097 | D:5      | Found a shadowy altar of Dithmenos.
  3350 | D:5      | Reached *** piety under Lugonu
  3350 | D:5      | Reached skill level 4 in Invocations
  3927 | D:4      | Found Lamaosch's Assorted Antiques.
  3931 | D:4      | Bought a pitted jade ring for 130 gold pieces
  3932 | D:4      | Identified the ring "Qucwy Cij" {rN+ MR+ Str-4 Dex+5} (You
                  | bought it in a shop on level 4 of the Dungeon)
  4397 | D:5      | Found a runed translucent door.
  4398 | D:5      | Noticed Crazy Yiuf
  4439 | D:5      | Reached XP level 8. HP: 67/67 MP: 11/11
  5186 | D:5      | Killed Crazy Yiuf
  5219 | D:6      | Reached skill level 5 in Axes
  5584 | D:6      | Reached skill level 5 in Invocations
  6443 | D:6      | Reached skill level 5 in Fighting
  7417 | D:6      | Found a staircase to the Ecumenical Temple.
  7593 | D:6      | Noticed Jessica
  7789 | D:7      | Reached XP level 9. HP: 29/74 MP: 13/13
  8503 | D:7      | Reached skill level 5 in Armour
  8536 | D:7      | Reached skill level 6 in Invocations
  8863 | D:7      | Found an ornate altar of the Wu Jian Council.
  8863 | D:7      | Found a hazy altar of Hepliaklqana.
 11174 | D:8      | Reached XP level 10. HP: 81/83 MP: 15/15
 12524 | D:9      | Found an opulent altar of Gozag.
 12525 | D:9      | Found a glowing silver altar of Zin.
 12990 | D:9      | Reached **** piety under Lugonu
 13424 | D:9      | Found a staircase to the Orcish Mines.
 13632 | D:9      | Reached skill level 7 in Invocations
 13904 | D:9      | Reached skill level 5 in Dodging
 15008 | D:9      | Found a glowing golden altar of the Shining One.
 15063 | D:10     | Entered Level 10 of the Dungeon
 15063 | D:10     | Noticed a brown ugly thing
 15081 | D:10     | Found a bloodstained altar of Trog.
 15132 | D:10     | Banished an unseen horror
 15688 | D:10     | Banished a brown ugly thing
 17438 | D:10     | Found a staircase to the Lair.
 17522 | D:10     | Reached XP level 11. HP: 77/90 MP: 16/16
 18674 | D:10     | Found Taiwn's Weapon Shop.
 18819 | D:10     | Noticed a two-headed ogre
 19021 | D:10     | Killed a two-headed ogre
 19316 | D:10     | Reached skill level 8 in Invocations
 19701 | Lair:1   | Entered Level 1 of the Lair of Beasts
 21656 | Lair:1   | Gained mutation: You have a pair of small horns on your
                  | head. [potion of mutation]
 21656 | Lair:1   | Gained mutation: Your flesh is cold resistant. (rC+)
                  | [potion of mutation]
 21657 | Lair:1   | Lost mutation: You have a pair of small horns on your head.
                  | [potion of mutation]
 21657 | Lair:1   | Lost mutation: Your flesh is cold resistant. (rC+) [potion
                  | of mutation]
 21657 | Lair:1   | Gained mutation: You are covered in fur. (AC +1) [potion of
                  | mutation]
 21657 | Lair:1   | Gained mutation: You are robust. (+10% HP) [potion of
                  | mutation]
 21657 | Lair:1   | Gained mutation: Your spells are a little easier to cast,
                  | but a little less powerful. [potion of mutation]
 21657 | Lair:1   | Gained mutation: You are very robust. (+20% HP) [potion of
                  | mutation]
 23331 | Lair:2   | Noticed a five-headed hydra
 23332 | Lair:2   | Banished a five-headed hydra
 23996 | Lair:3   | Noticed a death yak
 23996 | Lair:3   | Noticed a death yak
 23996 | Lair:3   | Noticed a death yak
 24728 | D:11     | Reached XP level 12. HP: 90/120 MP: 18/18
 24872 | D:11     | Noticed a two-headed ogre
 24890 | D:11     | Killed a two-headed ogre
 25512 | D:12     | Reached skill level 9 in Invocations
 26620 | D:12     | Got a warped copper ring
 26622 | D:12     | Gained mutation: You tend to lose your temper in combat. [a
                  | neqoxec]
 26751 | D:11     | Identified the ring "Asiwk" {Fire +Fly Int+2} (You found it
                  | on level 12 of the Dungeon)
 27257 | D:13     | Noticed a centaur warrior
 27267 | D:13     | Noticed a centaur warrior
 27274 | D:13     | Killed a centaur warrior
 27700 | D:12     | Killed a centaur warrior
 27997 | D:13     | Noticed a vault guard
 28415 | D:14     | Found a blossoming altar of Fedhas.
 28680 | D:13     | Noticed a vault guard
 28742 | D:12     | Killed a vault guard
 28801 | D:12     | HP: 3/121 [orc sorcerer/bolt of negative energy (34)]
 28803 | D:12     | Reached skill level 10 in Invocations
 29362 | D:12     | Slain by an orc knight

Levels and vault maps discovered:
D:1:      shiori_arrival_elements, layout_basic
D:2:      layout_loops_corners, lemuel_round_altar, uniq_robin
D:3:      layout_basic, overflow_temple_1_default, uniq_sigmund
D:4:      layout_basic, serial_shops, shop
D:5:      layout_basic, old_standard_altar, first_ration, uniq_prince_ribbit1,
          uniq_crazy_yiuf_cottage
D:6:      minmay_chambers_of_sixes, layout_cave_pools, tgw_sif,
          minmay_temple_entry_fiery
D:7:      kennysheep_steamy, layout_basic, gammafunk_temple_overflow_elements
D:8:      layout_layer_cave
D:9:      layout_small_grid, grunt_temple_overflow_gold_and_silver,
          marbit_many_paths, erik_orc_2
D:10:     layout_stronghold, minmay_lair_entry_grove, serial_shops, shop,
          hangedman_fish_farm, trog_ov_bears_minmay
D:11:     layout_cave_pools, chequers_serial_rivers_room_a
D:12:     layout_small_grid, dk_noncrumbling_4, minivault_16,
          corexii_corridor_pit, minmay_protected_statue
D:13:     layout_rooms, grunt_vaults_entry_fortified
D:14:     layout_long_grid, hex_tiny, fedhas_altar_2
Lair:1:   layout_gridlike, infiniplex_staircase_pool, serial_bayou_shore_a,
          grunt_megastairs_3
Lair:2:   layout_gridlike
Lair:3:   layout_cave_pods, serial_bayou_shore_b

Skill      XL: |  1  2  3  4  5  6  7  8  9 10 11 12 |
---------------+-------------------------------------+-----
Dodging        | 1 2 3 4 5 6 7 |  7.1
Axes           | 2 3 4 5 6 7 8 9 |  9.6
Armour         | 2 3 4 6 7 8 9 |  9.6
Invocations    | 3 4 5 6 7 8 10 | 10.0
Fighting       | 4 5 6 7 8 |  8.0
Throwing       | |  0.5
Evocations     | |  0.9

Action                   |  1- 3 |  4- 6 |  7- 9 | 10-12 || total
-------------------------+-------+-------+-------+-------++-------
Melee: Hand axe          |    77 |   113 |   653 |  1529 ||  2372
       Kick              |     9 |    15 |   166 |   429 ||   619
Throw: Boomerang         |       |       |       |    14 ||    14
Invok: Depart the Abyss  |     1 |       |       |       ||     1
       Banish            |       |       |     6 |    20 ||    26
       Bend Space        |       |       |     2 |     1 ||     3
Evoke: Wand              |       |     2 |     9 |    10 ||    21
  Use: Scroll            |     4 |     2 |     6 |    16 ||    28
       Potion            |     1 |       |     2 |    16 ||    19
  Eat: Chunk             |       |     5 |    19 |    35 ||    59
       Ration            |       |       |     3 |     8 ||    11
Armor: Leather armour    |    63 |     2 |       |       ||    65
       Scale mail        |       |    55 |   281 |       ||   336
       Plate armour      |       |       |   253 |  1494 ||  1747
       Skin              |       |       |       |    11 ||    11
Dodge: Dodged            |    56 |    59 |   295 |   472 ||   882

Table legend:
 A = Non-vault XP
 B = Vault XP
 C = Vault XP percentage of total XP
 D = Non-vault monster count
 E = Vault monster count
 F = Vault count percentage of total count
                 A         B        C        D         E       F
            +---------+---------+-------+---------+---------+-------
      Total |   27706 |    6690 |  19.4 |     328 |      62 |  15.9
            +---------+---------+-------+---------+---------+-------
        D:1 |      51 |       0 |   0.0 |      21 |       0 |   0.0
        D:2 |      87 |      36 |  29.3 |      17 |      12 |  41.4
        D:3 |      58 |     223 |  79.4 |      15 |       1 |   6.2
        D:4 |     247 |       0 |   0.0 |      14 |       0 |   0.0
        D:5 |     824 |     468 |  36.2 |      18 |       3 |  14.3
        D:6 |     582 |     162 |  21.8 |      14 |       3 |  17.6
        D:7 |    1065 |     100 |   8.6 |      16 |       1 |   5.9
        D:8 |    1614 |     183 |  10.2 |      26 |       1 |   3.7
        D:9 |    1271 |    1639 |  56.3 |      24 |      27 |  52.9
       D:10 |    5238 |    1392 |  21.0 |      44 |       9 |  17.0
       D:11 |    2437 |       0 |   0.0 |      27 |       0 |   0.0
       D:12 |    4766 |    1783 |  27.2 |      30 |       3 |   9.1
       D:13 |    3844 |     354 |   8.4 |      29 |       1 |   3.3
       D:14 |     474 |       0 |   0.0 |       3 |       0 |   0.0
     Lair:1 |    2101 |     350 |  14.3 |      15 |       1 |   6.2
     Lair:2 |    3047 |       0 |   0.0 |      15 |       0 |   0.0
            +---------+---------+-------+---------+---------+-------
